 Dungeon Crawl Stone Soup version 0.30.0-10-gfe55d96785 (webtiles) character file.

Game seed: 2356193687836703849

153 monsoonserge the Covered (level 5, -1/46 HPs)
             Began as a Meteoran Fighter on May 15, 2023.
             Slain by a worm (9 damage)
             ... on level 3 of the Dungeon.
             The game lasted 00:05:31 (862 turns).

monsoonserge the Covered (Meteoran Fighter)          Turns: 862, Time: 00:05:32

Health: -1/46      AC:  7    Str: 19    XL:     5   Next: 93%
Magic:  6/6        EV:  9    Int:  9    God:
Gold:   114        SH:  5    Dex: 14    Spells: 4/4 levels left

rFire   . . .        m - +1 hand axe (venom)
rCold   . . .        c - +0 buckler
rNeg    . . .        b - +0 scale mail
rPois   .            (no helmet)
rElec   .            (no cloak)
rCorr   .            (no gloves)
SInv    .            (no boots)
Will    .....        (no amulet) Stlth
                     (no ring)
HPRegen 0.27/turn    (no ring)
MPRegen 0.10/turn

%: no passive effects
@: glowing
A: sense surroundings 1, otherworldly, glowing, explore regen
a: no special abilities


You were on level 3 of the Dungeon.
You visited 1 branch of the dungeon, and saw 4 of its levels.

You collected 114 gold pieces.

Inventory:

Hand Weapons
 a - a +0 flail
 m - a +1 hand axe of venom (weapon)
Missiles
 r - a boomerang (quivered)
Armour
 b - a +0 scale mail (worn)
 c - a +0 buckler (worn)
Wands
 o - a wand of flame (11)
Scrolls
 f - a scroll of fog {unknown}
 g - a scroll of torment {unknown}
 h - 2 scrolls of fear {unknown}
 j - 2 scrolls of immolation {unknown}
 k - a scroll of identify {unknown}
 n - a scroll of poison {unknown}
 q - a scroll of blinking {unknown}
Potions
 d - a potion of might
 e - a potion of mutation {unknown}
 i - a potion of lignification {unknown}
 l - a potion of brilliance {unknown}
 p - a potion of attraction {unknown}


   Skills:
 + Level 4.2 Fighting
 + Level 1.0(2.2) Axes
 - Level 3.5(3.6) Maces & Flails
 + Level 5.2 Armour
 + Level 0.8 Dodging
 + Level 4.3 Shields


You had 4 spell levels left.
You didn't know any spells.
Your spell library was empty.

Dungeon Overview and Level Annotations

Branches:
Dungeon (4/15) Zot: 1499
 Temple: D:4-7

Altars:
Trog


Innate Abilities, Weirdness & Mutations

You passively map a small area around you.
You are easily found by Zot.
You glow in the dark.
You regain HP and MP as you explore.


Message History

The rat completely misses you. You block the rat's attack.
The moth of wrath goads the rat on!
The rat goes berserk!
You slash the rat!
You kill the rat!
You hit the worm.
The worm is poisoned.
The worm bites you!
Press: ? - help, v - describe, . - travel, g - get item
Here: a rat (berserk) Item here: a rat corpse.
The floor.
Press: ? - help, v - describe, . - travel, g - get item
Here: a rat (berserk) Item here: a rat corpse.
The floor.
You barely miss the rat. You hit the worm.
The worm looks as sick as possible!
The rat bites you. The rat bites you but does no damage.
You block the worm's attack.
You hit the rat.
The rat is poisoned.
The rat is moderately wounded.
You hit the worm.
The worm looks as sick as possible!
The rat bites you but does no damage.
The moth of wrath goads the worm on!
The worm goes berserk!
The worm barely misses you. The rat bites you but does no damage.
You slash the rat!
You kill the rat!
You hit the worm.
The worm looks as sick as possible!
You block the worm's attack.
You slash the worm!
The worm looks as sick as possible!
The worm is moderately wounded.
You hit the worm. The worm bites you but does no damage. The worm bites you!
You hit the worm but do no damage.
The worm looks as sick as possible!
The worm is moderately wounded.
You hit the worm but do no damage. You hit the rat but do no damage.
The rat is poisoned.
The worm completely misses you. The worm bites you! The rat closely misses you.
The worm bites you but does no damage.
You closely miss the rat.
The rat is moderately wounded.
You barely miss the worm. x2; The worm bites you!
* * * LOW HITPOINT WARNING * * *
The rat bites you but does no damage. The worm bites you!
You die...

###....##
##.......##
#)........# , ,,
#....#....# ,,
*....###...#### ,
.._.#y#...'..#
....###...##.#
*#)...#w...##.# * ,
#)....w@..#..# ,
##)...r..##..# ...
###....##...# ...,
######....# ... ,
#....##*#.#*
#.....##..#
#........####
###########.†......#
#
#............>.....#
.


You could see a moth of wrath, 2 worms and a rat (very poisoned).

Vanquished Creatures
  An iguana (D:3)
  2 orc wizards (D:3)
  An adder (D:3)
  13 orcs (D:3)
  5 bats
  3 endoplasms
  A giant cockroach (D:2)
  5 goblins
  3 hobgoblins
  3 jackals (D:1)
  3 kobolds
  3 quokkas
  5 ball pythons
  A frilled lizard (D:1)
  6 rats
55 creatures vanquished.

Notes
Turn   | Place    | Note
-------+----------+-------------------------------------------
     0 | D:1      | monsoonserge the Meteoran Fighter began the quest for the
                  | Orb.
     0 | D:1      | Reached XP level 1. HP: 19/19 MP: 2/2
    46 | D:1      | Reached XP level 2. HP: 12/26 MP: 3/3
   145 | D:1      | Reached skill level 4 in Armour
   364 | D:1      | Reached XP level 3. HP: 31/31 MP: 4/4
   551 | D:3      | Reached XP level 4. HP: 29/40 MP: 5/5
   749 | D:3      | Reached XP level 5. HP: 36/46 MP: 6/6
   756 | D:3      | Reached skill level 5 in Armour
   831 | D:4      | Noticed a phantom
   836 | D:3      | Reached skill level 1 in Axes
   848 | D:3      | Noticed a moth of wrath
   850 | D:3      | Found a bloodstained altar of Trog.
   862 | D:3      | Slain by a worm

Illustrated notes

Levels and vault maps discovered:
D:1:      dpeg_arrival_rhombus, layout_basic, ebering_dispersal_statue_hall
D:2:      layout_rooms
D:3:      layout_rooms, tgw_trog
D:4:      layout_loops_cross, mainiacjoe_overflow_brackets, uniq_blork_the_orc

Skill      XL: |  1  2  3  4  5 |
---------------+----------------+-----
Armour         | 4 5 |  5.2
Maces & Flails | 3 |  3.5
Shields        | 4 |  4.3
Fighting       | 4 |  4.2
Axes           | 1 |  1.0
Dodging        | |  0.8

Action                     |  1- 3 |  4- 6 || total
---------------------------+-------+-------++-------
  Melee: Flail             |    72 |       ||    72
         Hand axe          |     3 |    60 ||    63
 Armour: Scale mail        |    49 |    25 ||    74
  Dodge: Dodged            |    33 |    28 ||    61
  Block: Buckler           |    26 |    21 ||    47
